 Dungeon Crawl Stone Soup version 0.28.0-53-g5a82cb258f (webtiles) character file.

Game seed: 7315883384136536513

442 safid the Digger (level 7, -2/42 HPs)
             Began as a Gargoyle Earth Elementalist on Sept 2, 2022.
             Slain by a wyvern zombie (6 damage)
             ... on level 4 of the Dungeon.
             The game lasted 00:04:10 (3074 turns).

safid the Digger (Gargoyle Earth Elementalist)      Turns: 3074, Time: 00:04:11

Health: -2/42      AC: 13    Str: 12    XL:     7   Next: 2%
Magic:  1/13       EV: 12    Int: 17    God:
Gold:   120        SH:  0    Dex: 10    Spells: 10/14 levels left

rFire   . . .      SeeInvis .   a - +0 short sword
rCold   . . .      Faith    .   (no shield)
rNeg    + . .      Spirit   .   b - +0 robe
rPois   ∞          Reflect  .   (no helmet)
rElec   +          Harm     .   i - +2 cloak
rCorr   .          Rampage  .   (no gloves)
Will    .....                   (no boots)
Stlth   ++........              (no amulet)
HPRegen 0.14/turn               e - +4 ring of protection
MPRegen 0.13/turn               (no ring)

@: no status effects
A: sickness immunity, AC +4, negative energy resistance 1, electricity
resistance, torment resistance 1, petrification resistance
a: no special abilities


You were on level 4 of the Dungeon.
You visited 1 branch of the dungeon, and saw 4 of its levels.

You collected 120 gold pieces.

Inventory:

Hand Weapons
 a - a +0 short sword (weapon)
Missiles
 c - 21 stones
Armour
 b - a +0 robe (worn)
 i - a +2 cloak (worn)
Jewellery
 e - a +4 ring of protection (left hand)
Wands
 n - a wand of iceblast (10)
Scrolls
 g - 3 scrolls of identify {unknown}
 l - a scroll of enchant weapon {unknown}
 m - a scroll of teleportation {unknown}
Potions
 d - 2 potions of flight {unknown}
 f - a potion of might {unknown}
 h - 3 potions of brilliance {unknown}
 j - a potion of heal wounds {unknown}
 k - a potion of degeneration {unknown}


   Skills:
 + Level 3.8 Fighting
 - Level 2.0 Dodging
 - Level 2.1 Stealth
 + Level 4.0 Spellcasting
 + Level 1.1 Conjurations
 - Level 1.0 Transmutations
 + Level 5.8 Earth Magic


You had 10 spell levels left.
You knew the following spells:

 Your Spells              Type           Power      Damage    Failure   Level
a - Sandblast             Erth           46%        2d11      1%          1
b - Stone Arrow           Conj/Erth      30%        3d8       11%         3

Your spell library contained the following spells:

 Spells                   Type           Power      Damage    Failure   Level
 Passwall                 Tmut/Erth      12%        N/A       6%          2
 Animate Skeleton         Necr           6%         N/A       16%         1
 Pain                     Necr           12%        1d4       16%         1
 Petrify                  Tmut/Erth      15%        N/A       36%         4
 Vampiric Draining        Necr           3%         2d6       43%         3


Dungeon Overview and Level Annotations

Branches:
Dungeon (4/15)
 Temple: D:4-7

Altars:

Annotations:
D:2 1 runed translucent door, Crazy Yiuf
D:3 3 runed translucent doors, Findolfin's ghost, amateur GrEE


Innate Abilities, Weirdness & Mutations

You are immune to sickness and miasma.
Your stone body is resilient. (AC +4)
You are immune to poison.
You resist negative energy. (rN+)
You are resistant to electric shocks. (rElec)
You are resistant to unholy torment.
You are immune to petrification.


Message History

The orc wizard is severely wounded.
The orc wizard hits you but does no damage.
You hit the orc wizard.
The orc wizard is almost dead.
The orc wizard casts a spell at you.
The puff of flame hits you but does no damage.
You hit the orc wizard.
The orc wizard is almost dead.
The orc wizard hits you with a +0 dagger.
You closely miss the orc wizard.
The orc wizard is almost dead.
The orc wizard hits you with a +0 dagger.
The orc wizard closely misses you.
You hit the orc wizard.
You kill the orc wizard!
You have reached level 7!
Casting: Sandblast (safe; 1% risk of failure)
Confirm with . or Enter, or press ? or * to list all spells.
Aiming: Stone Arrow (dangerous; 11% risk of failure)
Press: ? - help, Shift-Dir - straight line, f/p - wyvern zombie
Aim: a wyvern zombie (lightly damaged, 89% to hit)
The stone arrow hits the wyvern zombie!
The wyvern zombie is moderately damaged.
The wyvern zombie bites you.
Unknown command.
You barely miss the wyvern zombie.
The wyvern zombie is moderately damaged.
The wyvern zombie bites you.
* * * LOW HITPOINT WARNING * * *
The wyvern zombie barely misses you.
Unknown command.
You hear the slow hiss of a very distant avalanche of sand.
The wyvern zombie bites you!
* * * LOW HITPOINT WARNING * * *
There is a stone staircase leading up here.
You hit the wyvern zombie but do no damage.
The wyvern zombie is moderately damaged.
The wyvern zombie bites you but does no damage.
The wyvern zombie bites you.
You die...

# #. #..#.
..#. ...
#.#### #
#...@# #
#.##.†Z##.#
#.....))..#
..###[..####
#...# .......
...........
.............#
.............#


You could see a wyvern zombie.

Vanquished Creatures
  Sigmund (D:2)
  A necrophage (D:3)
  A bullfrog (D:4)
  2 orc wizards (D:4)
  3 adders
  An orc (D:4)
  5 endoplasms
  3 giant cockroaches (D:2)
  6 goblins
  9 hobgoblins
  4 jackals
  3 quokkas
  3 ball pythons
  4 bats
  8 frilled lizards
  4 kobolds
  6 rats
64 creatures vanquished.

Notes
Turn   | Place    | Note
-------+----------+-------------------------------------------
     0 | D:1      | safid the Gargoyle Earth Elementalist began the quest for
                  | the Orb.
     0 | D:1      | Reached XP level 1. HP: 10/10 MP: 3/3
   408 | D:1      | Found a faded altar of an unknown god.
   460 | D:1      | Reached skill level 1 in Transmutations
   460 | D:1      | Reached XP level 2. HP: 16/16 MP: 5/5
  1070 | D:2      | Reached skill level 1 in Fighting
  1356 | D:2      | Reached skill level 4 in Earth Magic
  1411 | D:2      | Found a runed translucent door.
  1412 | D:2      | Noticed Crazy Yiuf
  1457 | D:2      | Reached XP level 3. HP: 20/20 MP: 6/6
  1518 | D:2      | Noticed Sigmund
  1525 | D:2      | Killed Sigmund
  1526 | D:2      | Reached skill level 5 in Earth Magic
  1526 | D:2      | Reached XP level 4. HP: 27/27 MP: 1/9
  1526 | D:2      | Reached XP level 5. HP: 32/32 MP: 1/10
  2315 | D:3      | Found a runed translucent gate.
  2315 | D:3      | Found a runed translucent gate.
  2315 | D:3      | Found a runed translucent gate.
  2320 | D:3      | Noticed Findolfin's ghost (amateur GrEE)
  2421 | D:3      | Reached XP level 6. HP: 34/37 MP: 11/11
  2621 | D:3      | Noticed a necrophage
  2629 | D:3      | Killed a necrophage
  2634 | D:3      | Learned a level 3 spell: Stone Arrow
  3036 | D:4      | Reached skill level 1 in Conjurations
  3070 | D:4      | Reached XP level 7. HP: 17/42 MP: 3/13
  3074 | D:4      | Slain by a wyvern zombie

Illustrated notes

Levels and vault maps discovered:
D:1:      dpeg_arrival_oval, layout_basic,
          hellmonk_ecumenical_altar_heavens_door, serial_corexii_hall,
          chequers_hall_statues_y, corexii_hall_statues_i
D:2:      layout_loops_ring, chequers_serial_rivers_room_b, serial_park_tiny_2,
          minmay_lizard_pond, uniq_sigmund, uniq_crazy_yiuf_cottage
D:3:      layout_loops_corners, gammafunk_ghost_split, nrook_mini_backslash,
          skrybe_limestone_x, st_stairs_4, glass_columns_c
D:4:      layout_basic, lemuel_temple_firewalk_a, nicolae_ossuary_entry_monument

Skill      XL: |  1  2  3  4  5  6 |
---------------+-------------------+-----
Transmutations | 1 |  1.0
Fighting       | 1 2 3 |  3.8
Earth Magic    | 4 5 |  5.8
Dodging        | 2 |  2.0
Spellcasting   | 3 4 |  4.0
Conjurations   | 1 |  1.1
Stealth        | |  2.1

Action                   |  1- 3 |  4- 6 |  7- 9 || total
-------------------------+-------+-------+-------++-------
Melee: Short sword       |    62 |   180 |     2 ||   244
       Punch             |     2 |     3 |       ||     5
 Cast: Sandblast         |    10 |    19 |       ||    29
       Stone Arrow       |       |       |     1 ||     1
 Stab: Sleeping          |     3 |     1 |       ||     4
Armor: Robe              |    33 |   126 |     1 ||   160
Dodge: Dodged            |    56 |   137 |     1 ||   194
